 Dungeon Crawl Stone Soup version 0.22-a0-293-gc9362ec (webtiles) character file.

211 grindst0ne the Skirmisher (level 5, -3/43 HPs)
             Began as a Demonspawn Wanderer on Mar 24, 2018.
             Slain by a slave (5 damage)
             ... led by Pikel
             ... on level 4 of the Dungeon on Mar 25, 2018.
             The game lasted 00:04:36 (2666 turns).

grindst0ne the Skirmisher (Demonspawn Wanderer)     Turns: 2666, Time: 00:04:37

Health: -3/43      AC:  8    Str: 15    XL:     5   Next: 57%
Magic:  5/5        EV:  9    Int: 12    God:
Gold:   142        SH:  0    Dex: 12    Spells: 4/4 levels left

rFire    . . .     SeeInvis .   x - +0 war axe
rCold    . . .     Gourm    .   (no shield)
rNeg     . . .     Faith    .   o - +0 scale mail
rPois    .         Spirit   .   y - +1 hat
rElec    .         Reflect  .   t - +0 cloak
rCorr    .         Harm     .   (no gloves)
MR       +....                  (no boots)
Stlth    ..........             (no amulet)
HPRegen  0.14/turn              u - ring of protection from magic
MPRegen  0.09/turn              (no ring)

@: hasted, very quick
A: horns 2
a: no special abilities


You were on level 4 of the Dungeon.
You were near starving.

You visited 1 branch of the dungeon, and saw 4 of its levels.

You collected 142 gold pieces.

Inventory:

Hand Weapons
 a - a +2 quarterstaff
 x - a +0 war axe (weapon)
Missiles
 w - 4 tomahawks (quivered)
Armour
 d - a +0 robe
 l - a +0 ring mail
 o - a +0 scale mail (worn)
 s - a +0 leather armour
 t - a +0 cloak (worn)
 y - a +1 hat (worn)
Jewellery
 u - a ring of protection from magic (left hand)
Scrolls
 b - 3 scrolls of teleportation
 g - a scroll of remove curse
 i - 2 scrolls of fear {unknown}
 j - a scroll of magic mapping {unknown}
 k - a scroll of amnesia {unknown}
 n - 2 scrolls of immolation {unknown}
 q - a scroll of identify {unknown}
Potions
 c - a potion of lignification
 m - a potion of haste
 p - 2 potions of heal wounds {unknown}
 r - 2 potions of brilliance {unknown}
 v - 2 potions of flight {unknown}
Comestibles
 f - 7 rations


   Skills:
 + Level 4.8 Fighting
 + Level 2.2 Axes
 - Level 1.7 Staves
 - Level 1.0 Throwing
 - Level 1.7 Dodging
 - Level 2.6 Unarmed Combat
   Level 1.0 Evocations


You had 4 spell levels left.
You didn't know any spells.

Dungeon Overview and Level Annotations

Branches:
Dungeon (4/15)
 Temple: D:4-7

Altars:
Elyvilon

Annotations:
D:4 Pikel


Innate Abilities, Weirdness & Mutations

You have a pair of horns on your head.


Message History

The slave is severely wounded.
The slave barely misses you.
The orc hits you from afar with a trident.
* * * LOW HITPOINT WARNING * * *
It was a potion of haste.
You feel yourself speed up. The slave closely misses you.
The orc hits you from afar with a trident.
* * * LOW HITPOINT WARNING * * *
You hit the slave but do no damage. Your headbutt misses the slave.
The slave is severely wounded.
The slave hits you.
* * * LOW HITPOINT WARNING * * *
The orc closely misses you.
You hit the slave.
The slave is almost dead.
The slave closely misses you. The orc barely misses you.
You closely miss the slave.
The slave is almost dead.
The slave hits you.
You die...

....................####.#
.........>..............po
....................###...
.............######## ####
.............#
............##
....[#...o.## ####
####p#### #@...# #....#
#....# #....# ######


You could see a slave and an orc.

Vanquished Creatures
  A scorpion (D:4)
  Jessica (D:2)
  An iguana (D:3)
  A worker ant (D:4)
  2 adders
  A worm (D:3)
  A dart slug (D:3)
  5 orcs
  8 bats
  4 giant cockroaches
  7 goblins
  10 hobgoblins
  A quokka (D:3)
  A ball python (D:1)
  6 frilled lizards
  4 kobolds
  8 rats
62 creatures vanquished.

Notes
Turn   | Place    | Note
-------+----------+-------------------------------------------
     0 | D:1      | grindst0ne the Demonspawn Wanderer began the quest for the Orb.
     0 | D:1      | grindst0ne set off with: a +2 quarterstaff, a scroll of teleportation, a potion of lignification, a +0 robe, a ration
     0 | D:1      | Reached XP level 1. HP: 15/15 MP: 1/1
   183 | D:1      | Reached skill level 2 in Fighting
   232 | D:1      | Gained mutation: You have a pair of small horns on your head. [demonic ancestry]
   232 | D:1      | Reached XP level 2. HP: 21/22 MP: 2/2
   910 | D:2      | Noticed Jessica
   913 | D:2      | Killed Jessica
   913 | D:2      | Reached skill level 3 in Fighting
   913 | D:2      | Gained mutation: You have a pair of horns on your head. [demonic ancestry]
   913 | D:2      | Reached XP level 3. HP: 16/29 MP: 3/3
   973 | D:2      | Found a white marble altar of Elyvilon.
  1369 | D:3      | Reached XP level 4. HP: 18/37 MP: 4/4
  1719 | D:3      | Reached skill level 4 in Fighting
  2362 | D:4      | Reached skill level 1 in Axes
  2363 | D:4      | Noticed a slave
  2364 | D:4      | Noticed Pikel
  2417 | D:3      | Reached XP level 5. HP: 12/43 MP: 5/5
  2660 | D:4      | HP: 2/43 [orc/trident (4)]
  2666 | D:4      | Slain by a slave

Vault maps used:
D:1:      dpeg_arrival_rhombus, minmay_liquid_box
D:2:      marbit_many_paths, uniq_jessica
D:4:      minmay_temple_entry_trees, serial_shops, nicolae_shop_statue_plus,
          portal_sewer_entry_d, uniq_pikel

Skill      XL: |  1  2  3  4  5 |
---------------+----------------+-----
Fighting       | 2 3 4 |  4.8
Axes           | 1 2 |  2.2
Staves         | |  1.7
Throwing       | |  1.0
Dodging        | |  1.7
Unarmed Combat | |  2.6
Evocations     | |  1.0

Action                   |  1- 3 |  4- 6 || total
-------------------------+-------+-------++-------
Melee: Quarterstaff      |    78 |       ||    78
       Headbutt          |     6 |    13 ||    19
       War axe           |     3 |   116 ||   119
  Use: Scroll            |     2 |       ||     2
       Potion            |       |     5 ||     5
  Eat: Chunk             |     1 |     3 ||     4
Armor: Robe              |     7 |       ||     7
       Scale mail        |    33 |    60 ||    93
       Ring mail         |     7 |       ||     7
       Skin              |       |    68 ||    68
Dodge: Dodged            |    64 |    75 ||   139

Table legend:
 A = Spawn XP
 B = Non-spawn XP
 C = Spawn XP percentage of total XP
 D = Spawn monster count
 E = Non-spawn monster count
 F = Spawn count percentage of total count
 G = Total turns spent on level
                    A         B        C        D         E        F      G
               +---------+---------+-------+---------+---------+-------+---------
         Total |       0 |     302 |   0.0 |       0 |      62 |   0.0 |  2666
               +---------+---------+-------+---------+---------+-------+---------
           D:1 |       0 |      23 |   0.0 |       0 |      14 |   0.0 |   755
           D:2 |       0 |      61 |   0.0 |       0 |      18 |   0.0 |   553
           D:3 |       0 |      89 |   0.0 |       0 |      22 |   0.0 |  1249
           D:4 |       0 |     129 |   0.0 |       0 |       8 |   0.0 |   109
               +---------+---------+-------+---------+---------+-------+---------
